 Dungeon Crawl Stone Soup version 0.28-a0-1199-gef9e1dbd39 (webtiles) character file.

Game seed: 1783387874446078078

114 ChaosChampion the Insei (level 4, -1/37 HPs)
             Began as a Draconian Transmuter on Dec 19, 2021.
             Slain by an orc wizard (3 damage)
             ... on level 4 of the Dungeon.
             The game lasted 00:02:43 (1768 turns).

ChaosChampion the Insei (Draconian Transmuter)      Turns: 1768, Time: 00:02:44

Health: -1/37      AC:  6    Str: 12    XL:     4   Next: 67%
Magic:  7/7        EV: 12    Int: 15    God:
Gold:   32         SH:  0    Dex: 12    Spells: 4/7 levels left

rFire   . . .      SeeInvis .     - Unarmed
rCold   . . .      Faith    .   (no shield)
rNeg    . . .      Spirit   .   (armour unavailable)
rPois   .          Reflect  .   (helmet currently unavailable)
rElec   .          Harm     .   h - +0 cloak
rCorr   .          Rampage  .   (no gloves)
Will    .....                   (boots currently unavailable)
Stlth   +.........              b - amulet of magic regeneration
HPRegen 0.12/turn               (no ring)
MPRegen 0.50/turn               (no ring)

@: confused, appendages, very slightly contaminated
A: horns 2, talons 2, AC +5, unfitting armour, cold-blooded
a: End Transformation


You were on level 4 of the Dungeon.
You had temporarily grown beastly horns and talons.
You visited 1 branch of the dungeon, and saw 3 of its levels.

You collected 32 gold pieces.

Inventory:

Armour
 h - a +0 cloak (worn)
Jewellery
 b - an amulet of magic regeneration (around neck)
Scrolls
 a - a scroll of teleportation {unknown}
 d - a scroll of amnesia {unknown}
 e - 2 scrolls of identify
Potions
 c - a potion of attraction
 f - a potion of curing {unknown}
 g - a potion of might {unknown}
 i - a potion of ambrosia {unknown}


   Skills:
 + Level 2.5 Fighting
 + Level 2.7 Dodging
 + Level 3.7 Unarmed Combat
 - Level 2.0 Spellcasting
 + Level 3.0 Transmutations


You had 4 spell levels left.
You knew the following spells:

 Your Spells              Type           Power      Damage    Failure   Level
a - Beastly Appendage     Tmut           20%        N/A       6%          1
b - Wereblood             Tmut           10%        N/A       10%         2

Your spell library contained the following spells:

 Spells                   Type           Power      Damage    Failure   Level
 Spider Form              Tmut/Pois      6%         N/A       34%         3
 Ice Form                 Ice/Tmut       6%         N/A       75%         4


Dungeon Overview and Level Annotations

Branches:
Dungeon (2/15)

Altars:

Shops:
D:2 :


Innate Abilities, Weirdness & Mutations

You have temporarily grown beastly horns and talons.
Your plain brown scales are hard. (AC +5)
You cannot fit into any form of body armour.
You are cold-blooded and may be slowed by cold attacks.


Message History

The orc is almost dead.
You closely miss something. You claw something! Your headbutt misses something.
You miss something. You claw something. Your headbutt misses something.
You howl as the wereblood boils in your veins!
Something unseen opens the door.
A black bear comes into view.
Your horns disappear.
Your talons disappear.
The black bear moves out of view.
Your primal bloodlust has ended.
As you read the scroll labelled KAHUNW ETEOHEP, it crumbles to dust.
It is a scroll of identify.
c - a potion of attraction Something hits you.
You miss something.
An orc wizard appears from thin air!
Reactivating autopickup.
The orc wizard hits you but does no damage.
Casting: Wereblood (safe; 10% risk of failure)
Confirm with . or Enter, or press ? or * to list all spells.
You grow a pair of large bovine horns.
Your feet morph into talons.
The orc wizard closely misses you.
The orc wizard hits you but does no damage.
Casting: Beastly Appendage (safe; 6% risk of failure)
Confirm with . or Enter, or press ? or * to list all spells.
You miscast Wereblood.
You are very lightly contaminated with residual magic.
Nothing appears to happen.
The orc wizard gestures wildly while chanting.
The orc wizard flickers and vanishes!
Deactivating autopickup; reactivate with Ctrl-A.
You miss something. Something hits you but does no damage.
You closely miss something. Something hits you but does no damage.
You hear some strange, mumbled words.
You are confused.
You bump into the rock wall.
You hear some strange, mumbled words.
A puff of flame appears from out of thin air!
The puff of flame hits you!
* * * LOW HITPOINT WARNING * * *
You bump into the rock wall.
Something hits you.
You die...

........#..# .......#..#
......#..# .....#..#
....#..# h..#..#
...#######'##..#########
#......@{oo)....).......
......######...##.......
.......#########........
..........#o......PPP...
..........S......###PP[.
.........)......## . #
.......)...P..#
.......)♣#+#♣P#
.##....♣# #P.#


You could see 2 orcs.

Vanquished Creatures
  An orc wizard (D:4)
  2 adders
  3 dart slugs
  4 orcs (D:4)
  8 ball pythons
  7 endoplasms
  6 goblins
  6 hobgoblins
  2 quokkas (D:2)
  6 bats
  3 frilled lizards (D:1)
  5 kobolds
  6 rats
59 creatures vanquished.

Notes
Turn   | Place    | Note
-------+----------+-------------------------------------------
     0 | D:1      | ChaosChampion the Draconian Transmuter began the quest for
                  | the Orb.
     0 | D:1      | Reached XP level 1. HP: 16/16 MP: 3/3
   204 | D:1      | Reached XP level 2. HP: 20/23 MP: 3/5
   280 | D:1      | Learned a level 2 spell: Wereblood
   571 | D:1      | Found a faded altar of an unknown god.
   705 | D:1      | Reached XP level 3. HP: 29/29 MP: 4/6
  1031 | D:2      | Found Isisemao's Book Emporium.
  1644 | D:2      | Reached XP level 4. HP: 34/36 MP: 7/7
  1690 | D:2      | You fall into a shaft and drop 2 floors!
  1758 | D:4      | Noticed a black bear
  1768 | D:4      | Slain by an orc wizard

Illustrated notes

Levels and vault maps discovered:
D:1:      onia_arrival_mini_maze, layout_rooms,
          ebering_ecumenical_altar_petrified
D:2:      layout_loops_ring, serial_shops, nicolae_shop_trees
D:4:      layout_cave_pools, nicolae_overflow_hallway_of_the_gods,
          nicolae_ru_path_of_blood, serial_park, serial_park_tiny_1,
          serial_park_gazebo [serial_park_minivault_5x5_3], serial_park_tiny_2,
          chequers_serial_rivers_micro_d, dk_noncrumbling_3,
          minmay_misc_feat_cross, minivault_25, kennysheep_flooded_box,
          corexii_hall_statues_x

Skill      XL: |  1  2  3  4 |
---------------+-------------+-----
Dodging        | 2 |  2.7
Fighting       | 2 |  2.5
Transmutations | 3 |  3.0
Unarmed Combat | |  3.7
Spellcasting   | |  2.0

Action                   |  1- 3 |  4- 6 || total
-------------------------+-------+-------++-------
Melee: Unarmed           |   127 |    46 ||   173
       Kick              |    20 |     6 ||    26
       Headbutt          |     9 |     4 ||    13
       Tailslap          |     9 |     4 ||    13
       Punch             |     1 |     1 ||     2
 Cast: Beastly Appendage |    26 |     3 ||    29
       Wereblood         |     4 |     2 ||     6
  Use: Scroll            |       |     1 ||     1
Armor: Skin              |    34 |    30 ||    64
Dodge: Dodged            |    90 |    25 ||   115

Table legend: (Time is in decaauts)
 A = Elapsed time spent in this place.
 B = Non-inter-level travel time spent in this place.
 C = Inter-level travel time spent in this place.
 D = Time resting spent in this place.
 E = Time spent auto-exploring this place.
 F = Levels seen in this place.
 G = Mean time per level.
                   A        B        C        D        E       F      G
               +--------+--------+--------+--------+--------+-----+--------+
         Total |   1766 |   1714 |     52 |      0 |   1304 |   3 |  588.7 |
       Dungeon |   1766 |   1714 |     52 |      0 |   1304 |   3 |  588.7 |
               +--------+--------+--------+--------+--------+-----+--------+

Top non-repeatable levels by time:
     D:1: 1007 daAuts
     D:2: 684 daAuts
     D:4: 74 daAuts
